 Dungeon Crawl Stone Soup version 0.23-a0-436-g57debff (webtiles) character file.

8 Azzok the Firebug (level 2, 19/19 HPs)
             Began as a Demonspawn Fire Elementalist on Nov 16, 2018.
             Quit the game on level 1 of the Dungeon.
             The game lasted 00:00:43 (742 turns).

Azzok the Firebug (Demonspawn Fire Elementalist)     Turns: 742, Time: 00:00:44

Health: 19/19      AC:  2    Str:  8    XL:     2   Next: 0%
Magic:  5/5        EV: 12    Int: 16    God:
Gold:   23         SH:  0    Dex: 13    Spells: 4/5 levels left

rFire    . . .     SeeInvis .   g - +0 dagger (flame)
rCold    . . .     Gourm    .   (no shield)
rNeg     . . .     Faith    .   a - +0 robe
rPois    .         Spirit   .   (no helmet)
rElec    .         Reflect  .   (no cloak)
rCorr    .         Harm     .   (no gloves)
MR       .....                  (no boots)
Stlth    ++........             (no amulet)
HPRegen  0.06/turn              (no ring)
MPRegen  0.09/turn              (no ring)

@: no status effects
A: spiny 1
a: no special abilities


You were on level 1 of the Dungeon.
You were not hungry.

You visited 1 branch of the dungeon, and saw 1 of its levels.

You collected 23 gold pieces.

Inventory:

Hand Weapons
 g - a +0 dagger of flaming (weapon)
Armour
 a - a +0 robe (worn)
Scrolls
 d - a scroll of identify {unknown}
 e - a scroll of teleportation {unknown}
Potions
 f - a potion of brilliance {unknown}
Comestibles
 b - 4 chunks of flesh
 c - a ration


   Skills:
 - Level 1.7 Dodging
 - Level 1.7 Stealth
 + Level 2.2 Spellcasting
 + Level 1.3 Conjurations
 + Level 2.9 Fire Magic


You had 4 spell levels left.
You knew the following spells:

 Your Spells              Type           Power        Failure   Level  Hunger
a - Flame Tongue          Conj/Fire      #....        9%          1    #......

Your spell library contained the following spells:

 Spells                   Type           Power        Failure   Level  Hunger
 Throw Flame              Conj/Fire      #.....       13%         2    ###....
 Conjure Flame            Conj/Fire      #.......     26%         3    ###....
 Inner Flame              Hex/Fire       #.......     32%         3    ###....
 Sticky Flame             Conj/Fire      #.......     63%         4    #####..
 Fireball                 Conj/Fire      #.........   93%         5    ######.


Dungeon Overview and Level Annotations

Branches:
Dungeon (1/15)

Altars:


Innate Abilities, Weirdness & Mutations

You are partially covered in sharp spines.


Message History

You don't have enough magic to cast that spell.
Casting: Flame Tongue (safe; 9% risk of failure)
Confirm with . or Enter, or press ? or * to list all spells.
You don't have enough magic to cast that spell.
The bat barely misses you.
You hit the bat. You burn the bat.
You kill the bat!
You have reached level 2!
Your demonic ancestry asserts itself...
Sharp spines emerge from parts of your body.
Some of the chunks of flesh in your inventory have rotted away.
You butcher the bat corpse.
b - 2 chunks of flesh (gained 1)
You see here a bat skeleton. x2
You butcher the giant cockroach corpse.
b - 4 chunks of flesh (gained 2)
A kobold comes into view.
The kobold shouts!
The kobold moves out of view.
Are you sure you want to abandon this character and quit the game? (Confirm

▒·▒▒··▒▒··▒▒▒▒▒▒▒▒···
······▒▒▒▒···▒▒▒▒▒▒···
▒▒·▒▒▒ ▒▒▒·········· ▒
▒▒▒··▒▒▒▒▒· · ▒▒···▒▒
··· ▒▒··▒·▒▒▒▒▒▒····
▒·····÷·········
······▒▒▒·····▒▒▒▒▒
▒▒▒▒·· ▒·@······· ▒?·▒
▒····%····· ▒··
▒·········· ▒▒▒
▒··········
···(·······
▒▒··········
▒········· ▒·········


There were no monsters in sight!

Vanquished Creatures
  A dart slug (D:1)
  A giant cockroach (D:1)
  A hobgoblin (D:1)
  A bat (D:1)
  A goblin (D:1)
  2 rats (D:1)
7 creatures vanquished.

Notes
Turn   | Place    | Note
-------+----------+-------------------------------------------
     0 | D:1      | Azzok the Demonspawn Fire Elementalist began the quest for
                  | the Orb.
     0 | D:1      | Reached XP level 1. HP: 13/13 MP: 3/3
   684 | D:1      | Gained mutation: You are partially covered in sharp spines.
                  | [demonic ancestry]
   684 | D:1      | Reached XP level 2. HP: 18/19 MP: 0/5
   742 | D:1      | Quit the game

Vault maps used:
D:1:      giann_wishing_wells, minmay_misc_feat_more_columns

Action                   || total
-------------------------++-------
Melee: Dagger            ||     8
       Unarmed           ||     8
 Cast: Flame Tongue      ||    11
Armor: Robe              ||     1
Dodge: Dodged            ||    16

Table legend:
 A = Non-vault XP
 B = Vault XP
 C = Vault XP percentage of total XP
 D = Non-vault monster count
 E = Vault monster count
 F = Vault count percentage of total count
                 A         B        C        D         E       F
            +---------+---------+-------+---------+---------+-------
      Total |      12 |       0 |   0.0 |       7 |       0 |   0.0
            +---------+---------+-------+---------+---------+-------
        D:1 |      12 |       0 |   0.0 |       7 |       0 |   0.0
            +---------+---------+-------+---------+---------+-------
